 Dungeon Crawl Stone Soup version 0.21-a0-515-g8d4ebbe138 (webtiles) character file.

121 JackS81 the Twirler (level 4, 0/32 HPs)
             Began as a Demonspawn Wanderer on Dec 3, 2017.
             Slain by a goblin (1 damage)
             ... on level 3 of the Dungeon.
             The game lasted 00:09:30 (2496 turns).

JackS81 the Twirler (Demonspawn Wanderer)           Turns: 2496, Time: 00:09:30

Health: 0/32       AC:  7    Str: 11    XL:     4   Next: 77%
Magic:  3/5        EV: 12    Int: 15    God:
Gold:   92         SH:  0    Dex: 17    Spells: 1/5 levels left

rFire    . . .     SeeInvis .   n - +2 quarterstaff (chaos)
rCold    . . .     Gourm    .   (shield currently unavailable)
rNeg     . . .     Faith    .   a - +2 leather armour
rPois    .         Spirit   .   r - +0 helmet
rElec    .         Reflect  .   o - +0 cloak
rCorr    .         Harm     .   (no gloves)
MR       .....                  (no boots)
Stlth    +++.......             (no amulet)
HPRegen  0.10/turn              s - +4 ring of dexterity
MPRegen  0.09/turn              (no ring)

@: very slightly contaminated
A: talons 1, nightstalker 1
a: no special abilities


You were on level 3 of the Dungeon.
You were hungry.

You visited 1 branch of the dungeon, and saw 3 of its levels.

You collected 92 gold pieces.

Inventory:

Hand Weapons
 c - a +0 quarterstaff
 n - a +2 quarterstaff of chaos (weapon)
 v - a +2 mace of venom
 w - a +0 mace of holy wrath
Missiles
 e - 34 stones (quivered)
 j - 23 bolts
 l - 35 sling bullets
 p - 4 tomahawks
Armour
 a - a +2 leather armour (worn)
 o - a +0 cloak (worn)
 r - a +0 helmet (worn)
Jewellery
 s - a +4 ring of dexterity (left hand)
Scrolls
 h - a scroll of blinking {unknown}
 i - 3 scrolls of identify {unknown}
 k - a scroll of remove curse {unknown}
 m - a scroll of enchant armour {unknown}
 q - a scroll of fog {unknown}
Books
 b - the Disquisition on Venom

   Spells                             Type                      Level
   a - Sting                          Conjuration/Poison           1
   b - Ignite Poison                  Fire/Transmutation/Poison    3
Comestibles
 d - 3 bread rations
 f - a meat ration
 g - 2 royal jellies
 t - 4 chunks of flesh
 u - 5 fruits


   Skills:
 - Level 1.0 Fighting
 * Level 3.1 Staves
 - Level 1.7 Throwing
 + Level 2.5 Dodging
 - Level 1.0 Stealth
 - Level 1.0 Spellcasting
 + Level 2.3 Conjurations
 + Level 1.5 Poison Magic


You had one spell level left.
You knew the following spells:

 Your Spells              Type           Power        Failure   Level  Hunger
a - Sting                 Conj/Pois      #...         14%         1    ##.....
b - Ignite Poison         Fire/Tmut/Pois #.......     61%         3    ####...


Dungeon Overview and Level Annotations

Branches:
Dungeon (3/15)

Altars:
Fedhas
Gozag
Xom


Innate Abilities, Weirdness & Mutations

You have sharp toenails.
You are slightly more attuned to the shadows.


Message History

You closely miss Natasha. Natasha claws you but does no damage.
You hit Natasha.
Natasha seems to speed up.
You claw Natasha.
Natasha is heavily wounded.
Natasha claws you. Natasha claws you but does no damage.
You hit Natasha.
Natasha is poisoned.
You claw Natasha.
Natasha is almost dead.
Natasha claws you.
* * * LOW HITPOINT WARNING * * *
Natasha stares at you and mumbles some strange words.
The magic dart hits you!
* * * LOW HITPOINT WARNING * * *
You hit Natasha. You burn Natasha.
You kill Natasha!
Natasha yowls pathetically as she dies!
The crimson imp disappears in a puff of smoke!
Your Staves skill increases to level 3!
You hit the goblin. You burn the goblin.
The goblin is heavily wounded.
The goblin hits you.
You die...

######..###
#.........#
#.........#
#.......<.#
#.........#
#.........#
#.......§.#
#########g#
#@# #.## #..#
##.##
######## #..#
.# #......#
##.##.#
♣♣###......#
#..#.#
.)))#÷.....#
##.#.#
)))))......##
#.#.#


You could see a goblin.

Vanquished Creatures
  Crazy Yiuf (D:3)
  Natasha (D:3)
  Robin (D:2)
  An adder (D:3)
  A worm (D:2)
  3 dart slugs
  8 hobgoblins
  6 kobolds
  A quokka (D:3)
  2 bats
  3 frilled lizards
  9 goblins
  2 rats
39 creatures vanquished.

Notes
Turn   | Place    | Note
-------+----------+-------------------------------------------
     0 | D:1      | JackS81 the Demonspawn Wanderer began the quest for the Orb.
     0 | D:1      | JackS81 set off with: a +2 leather armour, the Disquisition on Venom, a +0 quarterstaff, a bread ration
     0 | D:1      | Reached XP level 1. HP: 15/15 MP: 2/2
     0 | D:1      | Identified the Disquisition on Venom
     2 | D:1      | Learned a level 1 spell: Sting
   187 | D:1      | Gained mutation: You are slightly more attuned to the shadows. [demonic ancestry]
   187 | D:1      | Reached XP level 2. HP: 21/21 MP: 1/3
   414 | D:1      | Reached skill level 1 in Poison Magic
   604 | D:1      | Found a shimmering altar of Xom.
  1429 | D:2      | Reached XP level 3. HP: 26/26 MP: 2/4
  1496 | D:2      | Found an opulent altar of Gozag.
  1747 | D:2      | Noticed Robin
  1756 | D:2      | Killed Robin
  1756 | D:2      | Reached skill level 2 in Staves
  1905 | D:2      | Found a blossoming altar of Fedhas.
  2087 | D:3      | Found a runed door.
  2105 | D:3      | Learned a level 3 spell: Ignite Poison
  2130 | D:3      | Noticed Crazy Yiuf
  2147 | D:3      | Killed Crazy Yiuf
  2147 | D:3      | Gained mutation: You have sharp toenails. [demonic ancestry]
  2147 | D:3      | Reached XP level 4. HP: 5/32 MP: 0/5
  2474 | D:3      | Noticed Natasha
  2494 | D:3      | HP: 1/32 [Natasha/magic dart (7)]
  2495 | D:3      | Killed Natasha
  2495 | D:3      | Reached skill level 3 in Staves
  2496 | D:3      | Slain by a goblin

Vault maps used:
D:1:      ncdulo_smallfort, xom_teletrap_fun
D:2:      overflow_temple_1_default, chequers_big_river, minmay_crystal_room,
          fedhas_altar_fruit_tree, uniq_robin
D:3:      gammafunk_temple_overflow_forgotten, minmay_misc_feat_five,
          uniq_sigmund, uniq_ijyb, uniq_crazy_yiuf_cottage, uniq_natasha

Skill      XL: |  1  2  3  4 |
---------------+-------------+-----
Dodging        | 2 |  2.5
Poison Magic   | 1 |  1.5
Staves         | 2 3 |  3.1
Fighting       | |  1.0
Throwing       | |  1.7
Stealth        | |  1.0
Spellcasting   | |  1.0
Conjurations   | |  2.3

Action                   |  1- 3 |  4- 6 || total
-------------------------+-------+-------++-------
Melee: Quarterstaff      |    49 |    15 ||    64
       Kick              |       |     6 ||     6
 Cast: Sting             |    37 |     4 ||    41
  Use: Potion            |     3 |       ||     3
 Stab: Sleeping          |     4 |       ||     4
       Paralysed         |       |     1 ||     1
  Eat: Chunk             |     5 |     1 ||     6
Armor: Leather armour    |     8 |     8 ||    16
Dodge: Dodged            |    27 |     9 ||    36

Table legend:
 A = Spawn XP
 B = Non-spawn XP
 C = Spawn XP percentage of total XP
 D = Spawn monster count
 E = Non-spawn monster count
 F = Spawn count percentage of total count
 G = Total turns spent on level
                    A         B        C        D         E        F      G
               +---------+---------+-------+---------+---------+-------+---------
         Total |       0 |     174 |   0.0 |       0 |      39 |   0.0 |  2496
               +---------+---------+-------+---------+---------+-------+---------
           D:1 |       0 |      31 |   0.0 |       0 |      17 |   0.0 |   918
           D:2 |       0 |      44 |   0.0 |       0 |      13 |   0.0 |  1131
           D:3 |       0 |      99 |   0.0 |       0 |       9 |   0.0 |   447
               +---------+---------+-------+---------+---------+-------+---------
